Cogmind - Beta 11 X9 @@@ ROGUE MODE // 2021.12.25 @ 02:41:50 // Winter2021/Sauler Player: JackNine Result: Destroyed by D-53 Grenadier with Mini Grenade Launcher Performance ------------- Evolutions (0) 0 Regions Visited (2) 400 Robots Destroyed (11) 55 Value Destroyed (207) 207 Prototype IDs (2) 40 Alien Tech Used (0) 0 Bonus (-127) -127 TOTAL SCORE: 575 Bonus ------- Friendly Fire -127 Cogmind --------- Core Integrity 0/250 Matter 224/300 Energy 78/100 System Corruption 5% Temperature Hot (295) Movement Core (450) Ox8 Location -10/Mines Parts ------- > --- POWER (1) -------- (None) > --- PROPULSION (2) --- (None) > --- UTILITY (2) ------ Large Storage Unit > --- WEAPON (2) ------- Spread Laser Improved Light Cannon > --- INVENTORY (15) --- Improved Treads Compact Wheel Medium Laser Spread Laser Spread Laser Assault Rifle Improved Light Cannon Improved Light Cannon Improved Light Cannon Rocket Launcher Peak State ------------ > --- POWER ------------ Ion Engine > --- PROPULSION ------- Improved Treads Compact Wheel > --- UTILITY ---------- Large Storage Unit Light Armor Plating > --- WEAPON ----------- Small Laser Rocket Launcher > --- INVENTORY -------- Ion Engine Improved Treads Improved Treads Improved Treads Compact Wheel Medium Laser Spread Laser Spread Laser Spread Laser Assault Rifle Improved Light Cannon Improved Light Cannon Improved Light Cannon Improved Light Cannon Rocket Launcher [Rating: 11] Favorites ----------- Power Ion Engine Engine Ion Engine Propulsion Compact Wheel Treads Light Treads Wheel Compact Wheel Utility Light Armor Plating Storage Large Storage Unit Protection Light Armor Plating Weapon Assault Rifle Energy Gun Small Laser Ballistic Gun Assault Rifle Ballistic Cannon Improved Light Cannon Launcher Rocket Launcher Build | -11 -10 -10 ------- Run | Scr Mat Min Slots Evolved . | . . . Power . | . . . Propulsion . | . . . Utility . | . . . Weapon . | . . . Parts Attached 20 | 6 6 8 Power 2 | 1 . 1 Engine 2 | 1 . 1 Core . | . . . Reactor . | . . . Propulsion 5 | 2 1 2 Treads 4 | 1 1 2 Leg . | . . . Wheel 1 | 1 . . Hover . | . . . Flight . | . . . Utility 4 | 1 3 . Device . | . . . Storage 3 | 1 2 . Processor . | . . . Hackware . | . . . Protection 1 | . 1 . Artifact . | . . . Weapon 9 | 2 2 5 Energy Gun 3 | 1 . 2 Energy Cannon . | . . . Ballistic Gun 2 | 1 1 . Ballistic Cannon 1 | . . 1 Launcher 3 | . 1 2 Special Weapon . | . . . Impact Weapon . | . . . Slashing Weapon . | . . . Piercing Weapon . | . . . Special Melee Weapon . | . . . Unidentified Prototypes . | . . . Parts Lost 9 | . . 9 Power 2 | . . 2 Propulsion 4 | . . 4 Utility 1 | . . 1 Weapon 2 | . . 2 Highest Loss Streak 6 | . . 6 Average Slot Usage (%) 95 | . 98 81 Engine 13 | . 14 11 Treads 16 | . 14 23 Wheel 11 | . 14 3 Storage 14 | . 14 14 Protection 10 | . 13 2 Energy Gun 15 | . 14 21 Ballistic Gun 11 | . 14 2 Naked Turns . | . . . Heaviest Build 33 | 13 31 33 Greatest Support 46 | 20 20 46 Greatest Overweight (x) 2 | . 1 2 Average Overweight (x) . | . . . Largest Inventory Capacity 15 | 8 15 15 Average Capacity 11 | 6 11 15 Most Carried 15 | 4 15 15 Average Carried 9 | 2 9 11 Final Capacity 15 | 8 15 15 Final Carried 15 | 4 15 10 Class Distribution -------------------- 100% | Mutant Dominant Class ---------------- Mutant | -10/Materials Mutant | -10/Mines Resources | -11 -10 -10 ----------- Run | Scr Mat Min Matter Collected 422 | 150 222 50 Remotely . | . . . Salvage Created 254 | . 162 92 Parts 13 | . 12 1 Haulers Intercepted . | . . . Recyclers Shooed . | . . . Parts Field Recycled . | . . . Retrieved Matter . | . . . Parts Self-Destructed . | . . . Prevented . | . . . Kills | -11 -10 -10 ------- Run | Scr Mat Min Combat Hostiles Destroyed 26 | . 8 18 Guns 8 | . 6 2 AOE 18 | . 2 16 Classes Destroyed 6 | . 3 3 Watcher 1 | . 1 . Swarmer 6 | . 6 . Grunt 2 | . 2 . Demolisher 1 | . . 1 Assembled 17 | . . 17 Guerrilla 1 | . . 1 Best Kill Streak 17 | . 5 17 Combat Bots Only 17 | . 5 17 Max Kills in Single Turn 5 | . 2 5 Gunslinging . | . . . Exploded 4 | . 2 4 Melee . | . . . Uniques/NPCs Destroyed . | . . . Combat | -11 -10 -10 -------- Run | Scr Mat Min Damage Taken 1435 | . 289 1146 Core 261 | . 87 174 Absorbed by Shields . | . . . Core Remaining (%) 100 | 100 . . Volleys Fired 33 | . 18 15 Largest 2 | . 2 2 Hottest 130 | . 60 130 Shots Fired 57 | . 35 22 Gun 48 | . 34 14 Cannon 1 | . . 1 Launcher 8 | . 1 7 Special . | . . . Kinetic 18 | . 17 1 Thermal 31 | . 17 14 Explosive 8 | . 1 7 Electromagnetic . | . . . Robot Hit Streak 8 | . 7 8 Robot Miss Streak 3 | . 3 3 Penetration Max . | . . . Secondary Targets 1 | . 1 . Max Gunslinging Chain 1 | . 1 . Shots Hit Robots 36 | . 20 16 Core Hits 58 | . 13 45 Critical Kills . | . . . Critical Parts Destroyed . | . . . Critical Strikes . | . . . Melee Attacks . | . . . Impact . | . . . Slashing . | . . . Piercing . | . . . Sneak Attacks . | . . . Combat Hostiles . | . . . Follow-up Attacks . | . . . Damage Inflicted 1772 | . 359 1413 Guns 405 | . 252 153 Cannons 23 | . . 23 Explosions 1344 | . 107 1237 Melee . | . . . Ramming . | . . . Kinetic 151 | . 128 23 Thermal 277 | . 124 153 Explosive 1344 | . 107 1237 Electromagnetic . | . . . Impact . | . . . Slashing . | . . . Piercing . | . . . Highest Corruption 5 | . . 5 Average Corruption 4 | . . 4 Corruption Purged . | . . . Effects 2 | . . 2 Energy Discharges 2 | . . 2 Overload Shots . | . . . Overflow Damage 72 | . . 72 Projectiles . | . . . Explosions 72 | . . 72 Melee . | . . . Knockbacks 1 | . . 1 Impact . | . . . Kinetic 1 | . . 1 Secondary . | . . . Self-Inflicted Damage 46 | . . 46 Shots 2 | . . 2 Rammed . | . . . Targets Rammed . | . . . Kicked . | . . . Crushed . | . . . Highest Temperature 345 | . 102 345 Average Temperature 63 | . 32 112 Received Heat Transfer 224 | . 84 140 Effects 3 | . . 3 Shutdowns 1 | . . 1 Interference 2 | . . 2 Siege Activations . | . . . Robots Corrupted . | . . . Combat Hostiles . | . . . Parts Fried . | . . . Impact Corruptions . | . . . Robots Melted . | . . . Combat Hostiles . | . . . Parts Melted 2 | . 2 . Heat Transferred 470 | . 275 195 Parts Sabotaged . | . . . Parts Stolen . | . . . Parts Stripped . | . . . Power Chain Reactions . | . . . Missiles Intercepted . | . . . Alert | -11 -10 -10 ------- Run | Scr Mat Min Peak Influence 273 | . 273 39 Initial 39 | . . 39 Average 77 | . 108 9 Maximum Alert Level 1 | . 1 . Low Security (%) 85 | 100 78 100 Level 1 14 | . 21 . Level 2 . | . . . Level 3 . | . . . Level 4 . | . . . Level 5 . | . . . High Security . | . . . Max Security . | . . . Squads Dispatched . | . . . Investigation . | . . . Extermination . | . . . Reinforcement . | . . . Assault . | . . . Garrison . | . . . Intercept . | . . . Construction Impeded . | . . . Haulers Reinforced . | . . . Active Scanning Responses . | . . . Cargo Convoy Interrupts . | . . . Stealth | -11 -10 -10 --------- Run | Scr Mat Min Distress Signals 2 | . 1 1 Communications Jammed . | . . . Distress Signals . | . . . Times Spotted 36 | . 16 20 Peak Tracking Total 18 | . 7 18 Tactical Retreats . | . . . Traps | -11 -10 -10 ------- Run | Scr Mat Min Traps Triggered . | . . . Indirectly . | . . . Trap Hack Attempts . | . . . Triggered . | . . . Disarmed . | . . . Reprogrammed . | . . . Reused . | . . . Traps Extracted . | . . . Installed . | . . . Triggered . | . . . Machines | -11 -10 -10 ---------- Run | Scr Mat Min Machines Disabled 1 | . 1 . Max in Single Turn 1 | . 1 . Machines Sabotaged . | . . . Garrisons Compromised . | . . . Overloaded Fab Kills . | . . . Hacking | -11 -10 -10 --------- Run | Scr Mat Min Machines Accessed 5 | . 5 . Terminals 5 | . 5 . Fabricators . | . . . Repair Stations . | . . . Recycling Units . | . . . Scanalyzers . | . . . Garrison Access . | . . . Total Hacks 14 | . 14 . Successful 9 | . 9 . Failed 4 | . 4 . Catastrophic . | . . . Database Lockouts 1 | . 1 . Manual 8 | . 8 . Terminals 14 | . 14 . Fabricators . | . . . Repair Stations . | . . . Recycling Units . | . . . Scanalyzers . | . . . Garrison Access . | . . . Terminal Hacks 6 | . 6 . Robot Analysis 1 | . 1 . Prototype ID Bank 1 | . 1 . Terminal Index 1 | . 1 . Locate Traps 3 | . 3 . Fabricator Hacks . | . . . Repair Station Hacks . | . . . Recycling Unit Hacks . | . . . Scanalyzer . | . . . Garrison Access Hacks . | . . . Unauthorized Hacks 3 | . 3 . Terminals 3 | . 3 . Botnet 2 | . 2 . Operators 1 | . 1 . Fabricators . | . . . Repair Stations . | . . . Recycling Units . | . . . Scanalyzers . | . . . Garrison Access . | . . . Data Cores Recovered . | . . . Used . | . . . Hacking Detections 5 | . 5 . Full Trace Events . | . . . Feedback Events . | . . . Feedback Blocked . | . . . Robot Schematics Acquired . | . . . Robots Built . | . . . Authchips . | . . . Time . | . . . Total Robot Build Rating . | . . . Part Schematics Acquired . | . . . Parts Built . | . . . Authchips . | . . . Time . | . . . Total Part Build Rating . | . . . Parts Repaired . | . . . Time . | . . . Parts Recycled . | . . . Recycled Matter . | . . . Retrieved Matter . | . . . Retrieved Components . | . . . Parts Scanalyzed . | . . . Part Schematics Acquired . | . . . Parts Damaged . | . . . Bothacking | -11 -10 -10 ------------ Run | Scr Mat Min Used RIF Installer . | . . . Robots Hacked . | . . . Non-combat . | . . . Combat . | . . . Robot Hacks Applied . | . . . Relay Couplers Released . | . . . Fabnet Peak Effective % . | . . . Robots Rewired . | . . . Allies Hacked . | . . . Hacks Repelled . | . . . Allies | -11 -10 -10 -------- Run | Scr Mat Min Total Allies . | . . . Largest Group . | . . . Highest-Rated Group . | . . . Highest-Rated Ally . | . . . Total Orders . | . . . Ally Attacks . | . . . Total Damage . | . . . Kills . | . . . Allies Corrupted . | . . . Allies Melted . | . . . Intel | -11 -10 -10 ------- Run | Scr Mat Min Robot Analysis Total 1 | . 1 . Derelict Logs Recovered . | . . . Drone Launches . | . . . Drone Recoveries . | . . . Exploration | -11 -10 -10 ------------- Run | Scr Mat Min Turns Passed 830 | 85 579 166 Spaces Moved 499 | 50 370 79 Core 6 | 6 . . Treads 231 | 44 132 55 Legs . | . . . Wheels 262 | . 238 24 Hover . | . . . Flight . | . . . Fastest Speed 50 | 50 115 115 Average Speed 135 | 146 131 146 Slowest Speed 160 | 160 160 160 Overloaded Moves . | . . . Propulsion Burnouts . | . . . Robots Hopped . | . . . Cave-ins Triggered . | . . . Exploration Rate (%) 27 | 4 49 29 Regions Visited 2 Branch Regions 1 Pre-discovered Areas . | . . . Known Exits Taken . | . . . Unknown Exits Taken 2 | 1 1 . Scrap Searched . | . . . Spaces Dug 26 | . 7 19 Terrain Destroyed 43 | . 7 36 Melee . | . . . Projectile . | . . . AOE 43 | . 7 36 Terrain Rammed . | . . . Walls Destroyed . | . . . Machines Disabled . | . . . Actions | -11 -10 -10 --------- Run | Scr Mat Min Total 597 | 59 431 107 Wait 18 | . 13 5 Move 497 | 49 369 79 Hop . | . . . Pick Up 21 | 4 17 . Fast Attach 7 | 6 1 . Attach 6 | . 1 5 Detach . | . . . Swap 7 | . 4 3 Drop 8 | . 8 . Fire 33 | . 18 15 Melee . | . . . Ram . | . . . Kick . | . . . Crush . | . . . Escape Stasis . | . . . Rewire . | . . . Trap . | . . . Miscellaneous . | . . . Route ------- -11/Scrapyard -10/Materials (discovered 2 exits: [*Mat] / [*Min]) -10/Mines History --------- Turn | Location | Event 30 | -11/Scrapyard | Discovered new exit (range 15) 86 | -11/Scrapyard | Entered Materials 247 | -10/Materials | Discovered new exit (range 13) 318 | -10/Materials | Build established: Mutant 399 | -10/Materials | Discovered new exit (range 15) 422 | -10/Materials | Central database locked down 665 | -10/Materials | Entered Mines 686 | -10/Mines | Assembled infested the area 691 | -10/Mines | Assisted by a Guerilla fighting off Assembled 703 | -10/Mines | Core integrity fell below 50% 734 | -10/Mines | Lost 6 parts (1p2n1u2w) 741 | -10/Mines | Destroyed 17 combat bots 815 | -10/Mines | Core integrity fell below 20% 831 | -10/Mines | Destroyed by D-53 Grenadier with Mini Grenade Launcher Last Messages --------------- 00743_ The unstable cave ceiling collapses. 00745_ K-01 Serf collects debris. 00762_ System corrupted: Energy discharge (-97). 00765_ K-01 Serf collects debris. 00776_ The unstable cave ceiling collapses. 00776_ K-01 Serf collects debris. 00777_ The unstable cave ceiling collapses. 00779_ K-01 Serf collects debris. 00814_ U-05 Engineer destroyed. 00819_ The unstable cave ceiling collapses. 00820_ D-53 Grenadier destroyed. 00821_ Imp. Treads destroyed. 00824_ The unstable cave ceiling collapses. 00827_ Overheating: System interference. 00827_ Spread Laser temporarily disabled. 00827_ The unstable cave ceiling collapses. 00829_ Power failure, Ion Engine shutdown. 00829_ Imp. Treads destroyed. 00829_ Ion Engine destroyed. 00831_ D-53 Grenadier knocked back. Map ----- +----------------------------------------------------+ | ????# ##??# | | ????# ##??## | | ????# #??## ##### | | ????## ##?## # # | | ?????####??## # ## """ | | ???????????# ## #### """ | | ???????????# ## ##??# """ | | ???????????# #???# | | ??????????## ###???# """ | | ?????###?## # #?????# """ | | ????## ## ## #?????# """ | | ????# #???????? | | ????# #####?????????## | | ????# < #????????????? | | ????# ###????????????? | | ????## ##??????????????? | | ?????## #???????????????? | | ??????# ##???????????????? | | ??????## ###????????????????? | | ???????## ##??????????????????? | | ???????## ##???????????????????? | | ??????## ##???????????????????? | | ?????## ##??????????????????? | | ?????# #??????????????????? | | ?????# #??????????????????? | | ??????# @ #??????????????????? | | ????# #??????????????????? | | ???# #??????????????????? | | ??# ##??????????????????? | | ??# # d %#???????????????????? | | ??# ###### #???????????????????? | | ??## ??????!#???????????????????? | | ???## ????????#???????????????????? | | ????#?????????????????????????????? | | ??????????????????????????????????? | | ??????????????????????????????????? | | ??????????????????????????????????? | | ??????????????????????????????????? | | ??????????????????????????????????? | | ??????????????????????????????????? | | ??????????????????????????????????? | | ??????????????????????????????????? | | ??????????????????????????????????? | | ??????????????????????????????????? | | ??????????????????????????????????? | | ??????????????????????????????????? | | ??????????????????????????????????? | | ??????????????????????????????????? | | ??????????????????????????????????? | | ??????????????????????????????????? | +----------------------------------------------------+ Best States ------------- Heat Dissipation 25 Energy Generation 10 Energy Capacity 250 Matter Stores 300 Matter Capacity 300 Sight Range 16 Terrain Scan Density 10 Armor Coverage 150 Evasion (%) 40 Recoil Reduction 2 Item Schematics ----------------- None Robot Schematics ------------------ None Fabricated ------------ Nothing Alien Tech Used ----------------- None Achievements -------------- None Challenges ------------ None Game ------ Seed OpticalDamperClaymores Manual? 0 Play Time 00:12:37 Cumulative 274.2 hours Start 2021.12.25 @ 02:29:27 End 2021.12.25 @ 02:41:50 Sessions 1 Manual Loads 0 Difficulty Rogue Special Mode Winter2021/Sauler Game No. 138 Rogue 138 Adventurer 0 Explorer 0 Win Type - Total 6 Types 4/0/2/0/0/0/0/0/0 Lore% 77 Gallery% 85 Achievement% 73 Wizard Run 0 Options --------- ASCII 0 Keyboard 1 Movement Numpad Keybinds 0 Fullscreen 2 Font 12/Terminus Map View 83x54 Tactical HUD 1 Map Filters NONE Filters NONE Steam 1 RUN: a6979780-609b-4309-8d08-0c3d0be81f5c